 Dungeon Crawl Stone Soup version 0.30-a0-923-g828ccac5a3 (webtiles) character file.

Game seed: 8160708260619528801

234981 Morbidden the Eclecticist (level 19, -2/126 HPs)
             Began as an Octopode Conjurer on Mar 15, 2023.
             Was the Champion of Cheibriados.
             Shot with a bolt by a yaktaur (29 damage)
             ... on level 1 of the Vaults on Mar 22, 2023.
             The game lasted 01:33:47 (51048 turns).

Morbidden the Eclecticist (Octopode Conjurer)      Turns: 51048, Time: 01:33:48

Health: -2/126     AC:  7    Str: 21    XL:     19   Next: 61%
Magic:  20/47      EV: 24    Int: 48    God:    Cheibriados [******]
Gold:   2588       SH:  0    Dex: 30    Spells: 4/48 levels left

rFire   + . .      SeeInvis +      - Unarmed
rCold   + . .      Faith    .    O - melded +3 kite shield "Picusy" {Str+7 Slay+2}
rNeg    . . .      Spirit   .    m - +2 hat {Will+}
rPois   +          Reflect  .    f - amulet of magic regeneration
rElec   +          Rampage  .    s - ring of see invisible
rCorr   .                        t - ring "Juats" {Will+ Dex+3}
Will    ++...                    z - ring of protection from fire
Stlth   +++++                    E - ring of Nousiabe {rElec rPois rC+ Will- Slay+4}
HPRegen 0.41/turn                I - ring of magical power
MPRegen 0.70/turn                L - +4 ring of protection
                                 u - +6 ring of intelligence
                                 F - +4 ring of slaying

@: blade tentacles (expiring), very slow
A: almost no armour, amphibious, 8 rings, camouflage 1, gelatinous body 1,
(nimble swimmer 1), tentacles
}: 1/15 runes: barnacled
a: End Transformation, Renounce Religion, Bend Time, Temporal Distortion,
Slouch, Step From Time


You were on level 1 of the Vaults.
You worshipped Cheibriados.
Cheibriados was exalted by your worship.
You had blades for main tentacles.
You visited 8 branches of the dungeon, and saw 35 of its levels.
You also visited: Sewer and Bailey.

You collected 3694 gold pieces.
You spent 1106 gold pieces at shops.

Inventory:

Hand Weapons
 G - a +0 broad axe
Missiles
 d - 37 poisoned darts (quivered)
 P - 4 curare-tipped darts
 X - 6 throwing nets
Armour
 m - a +2 hat of willpower (worn)
 O - the +3 kite shield "Picusy" (melded) {Str+7 Slay+2}
   (You found it on level 1 of the Elven Halls)

   Str:       It affects your strength (+7).
   Slay:      It affects your accuracy & damage with ranged weapons and melee
   (+2).
Jewellery
 f - an amulet of magic regeneration (around mantle)
 p - a ring of flight
 s - a ring of see invisible (left blade tentacle)
 t - the ring "Juats" (right blade tentacle) {Will+ Dex+3}
   (You found it on level 5 of the Dungeon)

   [ring of willpower]

   Dex:       It affects your dexterity (+3).
   Will:      It increases your willpower.
 u - a +6 ring of intelligence (on tentacle)
 z - a ring of protection from fire (on tentacle)
 A - the amulet "Kizas" {Regen+ Dex+4}
   (You found it on level 2 of the Lair of Beasts)

   [amulet of regeneration]

   Dex:       It affects your dexterity (+4).
   Regen:     It increases your rate of health regeneration.
 E - the ring of Nousiabe (on tentacle) {rElec rPois rC+ Will- Slay+4}
   (You acquired it in a bailey)

   [ring of slaying]

   Slay:      It affects your accuracy & damage with ranged weapons and melee
   (+4).
   rC:        It protects you from cold.
   rElec:     It insulates you from electricity.
   rPois:     It protects you from poison.
   Will:      It decreases your willpower.
 F - a +4 ring of slaying (on tentacle)
 I - a ring of magical power (on tentacle)
 L - a +4 ring of protection (on tentacle)
 W - a ring of protection from fire
Wands
 x - a wand of mindburst (33)
 B - a wand of digging (5)
 C - a wand of iceblast (10)
 H - a wand of quicksilver (10)
 J - a wand of flame (15)
 K - a wand of charming (7)
Scrolls
 b - 32 scrolls of identify
 e - 13 scrolls of teleportation
 h - 4 scrolls of enchant armour
 k - a scroll of blinking
 n - 6 scrolls of enchant weapon
 r - 3 scrolls of magic mapping
 y - 3 scrolls of torment
 D - 5 scrolls of poison
 M - 2 scrolls of brand weapon
 R - 2 scrolls of silence
 Z - 5 scrolls of amnesia
Potions
 a - 3 potions of magic
 c - 2 potions of invisibility
 i - 9 potions of ambrosia
 j - 6 potions of brilliance
 l - 6 potions of mutation
 o - 3 potions of heal wounds
 q - 4 potions of resistance
 v - 8 potions of curing
 w - 11 potions of flight
 N - a potion of cancellation
 Q - a potion of might
 S - 4 potions of lignification
 Y - 5 potions of berserk rage
Miscellaneous
 g - a phantom mirror
 T - a tin of tremorstones (2/2)
 U - a box of beasts
 V - a condenser vane


   Skills:
 * Level 9.7 Fighting
 + Level 1.9 Throwing
 * Level 9.8 Dodging
 + Level 5.2 Stealth
 * Level 5.0 Shields
 * Level 11.1 Unarmed Combat
 * Level 15.0 Spellcasting
 * Level 13.1 Conjurations
 * Level 8.0 Hexes
 * Level 8.2 Necromancy
 * Level 12.5 Translocations
 * Level 8.4 Transmutations
 * Level 3.0 Earth Magic
 * Level 3.3 Poison Magic
 * Level 9.9 Invocations
 * Level 10.2 Evocations


You had 4 spell levels left.
You knew the following spells:

 Your Spells              Type           Power      Damage    Failure   Level
a - Blade Hands           Tmut           43%        N/A       12%         5
b - Iron Shot             Conj/Erth      42%        9d8       26%         6
c - Anguish               Hex/Necr       42%        N/A       9%          4
d - Dispersal             Tloc           51%        N/A       12%         6
e - Magic Dart            Conj           100%       1d8       3%          1
f - Searing Ray           Conj           100%       2d8       3%          2
g - Necromutation         Tmut/Necr      43%        N/A       98%         8
s - Olgreb's Toxic Radia  Pois           62%        N/A       19%         4
x - Manifold Assault      Tloc           100%       N/A       4%          4
z - Iskenderun's Mystic   Conj/Tloc      100%       2d19      4%          4

Your spell library contained the following spells:

 Spells                   Type           Power      Damage    Failure   Level
 Lesser Beckoning         Tloc           100%       N/A       3%          2
 Gell's Gravitas          Tloc           100%       N/A       3%          3
 Teleport Other           Tloc           100%       N/A       3%          3
 Beastly Appendage        Tmut           100%       N/A       4%          1
 Necrotise                Necr           100%       1d9       4%          1
 Wereblood                Tmut           87%        N/A       4%          2
 Dazzling Flash           Conj/Hex       100%       N/A       4%          3
 Portal Projectile        Hex/Tloc       100%       N/A       4%          3
 Shock                    Conj/Air       100%       1d9       5%          1
 Sting                    Tmut/Pois      100%       1d8       6%          1
 Tukima's Dance           Hex            85%        N/A       6%          3
 Vampiric Draining        Necr           86%        2d12      6%          3
 Passwall                 Tmut/Erth      61%        N/A       7%          2
 Fulminant Prism          Conj/Hex       47%        3d20      7%          4
 Hailstorm                Conj/Ice       78%        3d16      8%          3
 Spider Form              Tmut/Pois      75%        N/A       8%          3
 Ensorcelled Hibernation  Hex/Ice        100%       N/A       9%          2
 Inner Flame              Hex/Fire       65%        N/A       11%         3
 Summon Guardian Golem    Hex/Summ       65%        N/A       11%         3
 Flame Wave               Conj/Fire      78%        2d17      11%         4
 Sticky Flame             Conj/Fire      78%        2d9       11%         4
 Poisonous Vapours        Pois/Air       100%       N/A       12%         2
 Freeze                   Ice            100%       1d10      13%         1
 Summon Small Mammal      Summ           100%       N/A       13%         1
 Leda's Liquefaction      Hex/Erth       36%        N/A       13%         4
 Call Canine Familiar     Summ           36%        N/A       21%         3
 Frozen Ramparts          Ice            72%        1d11      21%         3
 Swiftness                Air            36%        N/A       21%         3
 Summon Ice Beast         Ice/Summ       36%        N/A       36%         4
 Summon Lightning Spire   Summ/Air       36%        N/A       36%         4
 Iskenderun's Battlesphe  Conj           100%       2d15      7%          5
 Agony                    Necr           86%        N/A       12%         5
 Lightning Bolt           Conj/Air       39%        1d57      16%         5
 Summon Forest            Summ/Tloc      38%        N/A       17%         5
 Summon Mana Viper        Hex/Summ       65%        N/A       26%         5
 Disjunction              Tloc           51%        N/A       65%         8
 Spellforged Servitor     Conj/Summ      39%        N/A       77%         7
 Summon Cactus Giant      Summ           18%        N/A       95%         6
 Borgnjor's Revivificati  Necr           43%        N/A       98%         8
 Monstrous Menagerie      Summ           18%        N/A       100%        7
 Ozocubu's Refrigeration  Ice            18%        4d11      100%        7
 Chain Lightning          Conj/Air       39%        3d52      100%        9
 Death's Door             Necr           43%        N/A       100%        9


Dungeon Overview and Level Annotations

Branches:
Dungeon (15/15)            Temple (1/1) D:5            Lair (5/5) D:9
 Shoals (4/4) Lair:2       Spider (4/4) Lair:2        Slime (0/5) Lair:4
    Orc (2/2) D:11            Elf (3/3) Orc:2        Vaults (1/5) D:13
 Depths (0/4) D:15          Sewer (visited)          Bailey (visited)

Altars:
Cheibriados
Dithmenos
Elyvilon
Fedhas
Gozag
Hepliaklqana
Kikubaaqudgha
Makhleb
Nemelex Xobeh
Okawaru
Ru
Sif Muna
Uskayaw
Wu Jian
Yredelemnul
Zin
The Shining One
Jiyva

Shops:
D:1 [[   D:4 !   D:5 [   D:10 =[   D:11 (   Orc:2 [=*([   Elf:2 [

Portals:
Trove: D:12 (give 6 scrolls of fog)

Annotations:
D:4 2 transporters
D:8 1 runed translucent door
Lair:3 3 runed translucent doors, anet's ghost, journeyman MiBe
Lair:4 exclusion: oklob plant
Shoals:2 exclusion: kraken
Spider:4 Asterion; Kirke
Elf:2 7 runed translucent doors
Elf:3 5 exclusions


Innate Abilities, Weirdness & Mutations

You have blades for main tentacles.
Your spellcasting is less reliable in this form.
You are incapable of wielding weapons or throwing items.
You cannot wear most types of armour.
You are amphibious.
You can wear up to eight rings at the same time.
Your skin changes colour to match your surroundings (Stealth+).
Your rubbery body absorbs attacks. (AC +1, EV +1)
((You are camouflaged when in or above water. (Stealth+)))
You have tentacles for arms and can constrict up to eight enemies at once.


Message History

You slash the yaktaur! You squeeze the yaktaur!
The yaktaur is heavily wounded.
The yaktaur shoots a bolt.
The bolt misses you.
The yaktaur shoots a bolt.
The bolt completely misses you. The yaktaur misses you.
Unknown command.
You hit the yaktaur.
The yaktaur is severely wounded.
Your transformation is almost over.
The yaktaur shoots a bolt.
The bolt closely misses you.
The yaktaur shoots a bolt.
The bolt closely misses you.
Unknown command.
Unknown command.
You slice the yaktaur!!
You kill the yaktaur!
Cheibriados thoroughly appreciates the change of pace.
Unknown command.
Unknown command.
The yaktaur unwields a +3 arbalest.
The yaktaur hits you!
* * * LOW HITPOINT WARNING * * *
The yaktaur hits you!
* * * LOW HITPOINT WARNING * * *
Unknown command.
Unknown command.
Casting: Manifold Assault (mildly dangerous; 4% risk of failure)
Confirm with . or Enter, or press ? or * to list all spells.
You erupt in a blast of force!
The mystic blast hits the yaktaur!!
The yaktaur is severely wounded.
The yaktaur is knocked back by the mystic blast.
The yaktaur slams into the stone wall!
The yaktaur is almost dead.
The mystic blast hits the yaktaur!!
The yaktaur is heavily wounded.
The yaktaur is knocked back by the mystic blast.
The yaktaur shoots a bolt.
The bolt completely misses you.
Unknown command.
Unknown command.
The yaktaur unwields a +0 arbalest.
The yaktaur completely misses you.
The yaktaur wields a +3 arbalest.
The yaktaur shoots a bolt.
The bolt hits you!!
You die...

##+#+#####..)..##
#......##.......#
. #......##..#
... #......'...#
....#......#####
....#..∩.).#
....#......# ...
#.....)# #....@.#
#.....c# ######c#
.... ..... ....#
....# ....#


You could see 2 yaktaurs.

Vanquished Creatures
  Mara (Shoals:4)
  Saint Roka (Orc:2)
  Rupert (D:13)
  A titan (shapeshifter) (Elf:2)
  Gastronok (D:10)
  A kraken (Shoals:4)
  Agnes (Elf:1)
  A fire giant (shapeshifter) (Elf:1)
  A ghost moth (Spider:3)
  3 emperor scorpions
  2 deep elf sorcerers (Elf:3)
  A deep elf elementalist (Elf:3)
  An ironbound preserver (Vaults:1)
  An orc warlord (Orc:1)
  A broodmother (Spider:2)
  2 deep elf annihilators
  A spark wasp (Spider:3)
  5 merfolk javelineers
  Josephine (Lair:4)
  3 deep elf death magi
  A deep elf high priest (Elf:2)
  A spectral kraken (Shoals:3)
  5 merfolk impalers (Shoals:4)
  4 entropy weavers
  3 hydras
  A rakshasa (D:14)
  Erica (Orc:1)
  2 ghost crabs (Shoals:3)
  Harold (D:11)
  3 merfolk avatars
  2 catoblepae (Shoals:2)
  3 radroaches
  An ogre mage (D:13)
  2 merfolk aquamancers
  2 two-headed ogres
  7 centaur warriors
  A death knight (D:13)
  5 boulder beetles
  6 death yaks (Lair:5)
  5 satyrs
  A tengu warrior (D:14)
  2 orc high priests
  21 dancing weapons
  6 skysharks
  8 deep elf knights
  4 skeletal warriors
  2 pharaoh ants
  A glowing orange brain (shapeshifter) (D:15)
  14 deep elf archers
  6 deep trolls
  A sun moth (Spider:4)
  5 orb spiders
  15 sea snakes
  Pikel (D:7)
  24 deep elf pyromancers
  2 steelbarb worms
  3 harpies (Shoals:4)
  20 deep elf zephyrmancers
  8 ugly things
  5 orc knights
  2 spectral merfolk (Shoals:3)
  11 cyclopes
  An oklob plant (Lair:1)
  3 orc sorcerers
  18 wolf spiders
  11 fauns
  11 elephants (Lair:5)
  Maurice (D:10)
  3 moths of wrath
  A naga mage (D:15)
  2 black mambas
  A vault sentinel (Vaults:1)
  4 merfolk sirens
  19 manticores
  3 water nymphs
  A torpor snail (Spider:3)
  8 cane toads
  2 unseen horrors
  2 gargoyles
  6 demonic crawlers
  Psyche (D:10)
  4 centaur skeletons (D:13)
  9 komodo dragons
  3 kobold demonologists
  5 yaktaurs
  A tengu conjurer (D:15)
  An efreet (D:14)
  3 rime drakes
  A freezing wraith (D:14)
  3 meliai (Spider:1)
  3 burning bushes (Lair:5)
  19 tarantellas
  6 trolls
  35 merfolk
  8 wind drakes
  4 hornets (Lair:5)
  6 polar bears
  9 snapping turtles
  5 blink frogs (Lair:3)
  19 dream sheep
  12 slime creatures
  4 wraiths (Lair:4)
  28 jumping spiders
  2 vampires
  2 air elementals
  A shadow (D:9)
  17 culicivoras
  Sigmund (D:3)
  2 wyverns (Lair:5)
  42 yaks
  7 water elementals
  13 spriggans (Lair:5)
  A fire elemental (Elf:1)
  A hog (Spider:3)
  3 basilisks
  53 redbacks
  7 vampire mosquitoes
  2 steam dragons (D:8)
  Menkaure (D:6)
  6 wargs
  2 acid dragons
  10 water moccasins
  Duvessa (D:7)
  A spectral snapping turtle (Shoals:3)
  44 orc warriors
  6 black bears
  5 boggarts (Lair:5)
  32 wolves
  21 centaurs
  9 ogres
  4 lemures (D:7)
  A phantom (D:5)
  6 kobold brigands
  12 bullfrogs
  2 gnoll sergeants
  6 necrophages (Lair:3)
  6 scorpions
  4 earth elementals
  8 wights
  Dowan (D:7)
  23 killer bees (Lair:1)
  5 electric eels
  6 howler monkeys
  A hound (D:4)
  A gnoll bouda (D:9)
  27 orc priests
  3 iguanas (D:5)
  Jessica (D:3)
  A sleepcap (D:8)
  Natasha (thrice) (D:3)
  37 orc wizards
  19 gnolls
  3 river rats
  2 adders
  A white imp (D:8)
  An ufetubus (D:4)
  2 worms
  A dart slug (D:4)
  91 orcs
  7 bats
  12 endoplasms
  10 giant cockroaches
  17 goblins
  12 hobgoblins
  12 jackals
  22 kobolds
  4 quokkas
  10 ball pythons
  3 frilled lizards
  7 rats
  A butterfly (D:8)
  2 tentacles
1223 creatures vanquished.

Vanquished Creatures (collateral kills)
  Arachne (Spider:3)
  Ilsuiw (Shoals:2)
  A skyshark (Shoals:2)
  A faun (Shoals:2)
  A manticore (Shoals:2)
  A merfolk siren (Shoals:2)
  A culicivora (Spider:3)
7 creatures vanquished.

Vanquished Creatures (others)
  A deep elf zephyrmancer (Elf:1)
  A manticore (Shoals:2)
  A cyclops (D:15)
  A rime drake (Lair:2)
  A cane toad (Lair:4)
  A komodo dragon (Lair:1)
  A yaktaur (Vaults:1)
  A queen bee (Lair:1)
  A yak (Lair:3)
  A basilisk (Lair:2)
  An orc warrior (Orc:1)
  A wolf (Lair:3)
  A killer bee (Lair:1)
  A bush (Lair:5)
  37 fungi
  126 plants
  8 tentacles
  7 withered plants (Shoals:3)
192 creatures vanquished.

Grand Total: 1422 creatures vanquished

Notes
Turn   | Place    | Note
-------+----------+-------------------------------------------
     0 | D:1      | Morbidden the Octopode Conjurer began the quest for the
                  | Orb.
     0 | D:1      | Reached XP level 1. HP: 11/11 MP: 3/3
   150 | D:1      | Reached XP level 2. HP: 17/17 MP: 0/5
   209 | D:1      | Found Jinoor's Antique Armour Emporium.
   447 | D:1      | Found Qisot's Antique Armour Shop.
   870 | D:2      | Reached XP level 3. HP: 21/21 MP: 4/6
   884 | D:1      | Learned a level 2 spell: Searing Ray
  1562 | D:3      | Noticed Sigmund
  1577 | D:3      | Reached XP level 4. HP: 27/27 MP: 4/7
  1686 | D:3      | Identified the +1 robe of Context {rCorr}
  1768 | D:3      | Killed Sigmund
  1769 | D:3      | Reached skill level 1 in Fighting
  1769 | D:3      | Reached skill level 1 in Unarmed Combat
  1769 | D:3      | Reached skill level 3 in Spellcasting
  1769 | D:3      | Reached skill level 5 in Conjurations
  1769 | D:3      | Reached XP level 5. HP: 19/33 MP: 5/10
  1967 | D:3      | Noticed an eye of devastation
  1967 | D:3      | Noticed Natasha
  1973 | D:3      | Killed Natasha
  1974 | D:3      | Reached XP level 6. HP: 35/38 MP: 7/11
  1983 | D:3      | Found a faded altar of an unknown god.
  1990 | D:3      | Noticed a floating eye
  1998 | D:3      | Noticed a floating eye
  2018 | D:3      | Noticed a floating eye
  2076 | D:3      | Noticed Natasha
  2085 | D:3      | Killed Natasha
  2251 | D:3      | Noticed Natasha
  2259 | D:3      | Killed Natasha
  2291 | D:3      | Noticed Jessica
  2295 | D:3      | Killed Jessica
  2498 | D:3      | Learned a level 4 spell: Iskenderun's Mystic Blast
  2625 | D:4      | Reached skill level 4 in Spellcasting
  2629 | D:4      | Reached XP level 7. HP: 26/45 MP: 6/13
  3042 | D:4      | Found a transporter.
  3145 | D:4      | Noticed a kobold demonologist
  3151 | D:4      | Found a transporter.
  3339 | D:4      | Found Yrphog's Distillery.
  3455 | D:5      | Entered Level 5 of the Dungeon
  3616 | D:5      | Identified the ring "Juats" {Will+ Dex+3}
  3661 | D:5      | Found a glowing drain.
  3665 | Sewer    | Entered a sewer
  3668 | Sewer    | Reached skill level 5 in Spellcasting
  3739 | Sewer    | Reached XP level 8. HP: 25/51 MP: 11/15
  3743 | Sewer    | HP: 2/51 [kobold brigand/+0 whip (11)]
  4039 | Sewer    | Found a white marble altar of Elyvilon.
  4333 | D:5      | Found a staircase to the Ecumenical Temple.
  4531 | Temple   | Entered the Ecumenical Temple
  4672 | Temple   | Became a worshipper of Cheibriados the Contemplative
  4978 | D:5      | Found Xirorghor's Antique Armour Shop.
  5452 | D:6      | Noticed Menkaure
  5461 | D:6      | Reached skill level 1 in Translocations
  5461 | D:6      | Reached skill level 1 in Invocations
  5461 | D:6      | Reached skill level 1 in Evocations
  5467 | D:6      | Killed Menkaure
  5627 | D:6      | Identified the +4 flail of Kuqi Doe {freeze, +Blink Dex+2}
  5952 | D:7      | Noticed a yak
  5954 | D:7      | Noticed a yak
  5964 | D:7      | Reached skill level 6 in Spellcasting
  5964 | D:7      | Noticed a yak
  5967 | D:7      | Reached XP level 9. HP: 31/57 MP: 10/18
  6130 | D:7      | Noticed Duvessa
  6143 | D:7      | Noticed Dowan
  6152 | D:7      | Killed Duvessa
  6152 | D:7      | Reached * piety under Cheibriados
  6152 | D:7      | Killed Dowan
  6576 | D:7      | Got the Handbook of the Befouled Sky
  6583 | D:7      | Found an iron altar of Okawaru.
  6584 | D:7      | Found a shadowy altar of Dithmenos.
  6676 | D:7      | Noticed Pikel
  6685 | D:7      | Killed Pikel
  7077 | D:7      | Found a glowing golden altar of the Shining One.
  7079 | D:7      | Found a basalt altar of Yredelemnul.
  7247 | D:8      | Found a flagged portal.
  7257 | Bailey   | Entered a bailey
  7342 | Bailey   | Acquired the ring of Nousiabe {rElec rPois rC+ Will-
                  | Slay+4}
  7475 | Bailey   | Reached XP level 10. HP: 63/63 MP: 17/20
  7596 | Bailey   | Reached skill level 7 in Spellcasting
  7733 | Bailey   | Found an iron altar of Okawaru.
  7734 | Bailey   | Identified the +4 glaive of Zoppotud {freeze, Fragile
                  | Int+5}
  7735 | Bailey   | Noticed a kobold demonologist
  7743 | Bailey   | Noticed a kobold demonologist
  7763 | Bailey   | Noticed an orc knight
  8034 | Bailey   | Noticed a smoke demon
  8038 | Bailey   | Reached ** piety under Cheibriados
  8395 | Bailey   | Killed an orc knight
  8459 | Bailey   | Killed a kobold demonologist
  8569 | Bailey   | Killed a kobold demonologist
  8710 | Bailey   | Learned a level 5 spell: Blade Hands
  8722 | D:8      | Reached skill level 1 in Throwing
  8866 | D:8      | Identified the +1 quarterstaff "Ytech" {vamp, rElec rC-
                  | rCorr Str+4}
  8896 | D:8      | Noticed a boulder beetle
  9150 | D:8      | Reached *** piety under Cheibriados
  9316 | D:8      | Reached skill level 8 in Spellcasting
  9425 | D:8      | Found a runed translucent door.
  9432 | D:8      | Found a runed translucent door.
  9441 | D:8      | Reached skill level 1 in Transmutations
  9441 | D:8      | Reached XP level 11. HP: 62/70 MP: 12/23
  9602 | D:9      | Reached **** piety under Cheibriados
 10391 | D:9      | Found a staircase to the Lair.
 10624 | D:9      | Noticed a cyclops
 10824 | D:9      | Reached skill level 10 in Conjurations
 10968 | D:9      | Killed a cyclops
 10969 | D:9      | Reached skill level 5 in Dodging
 11130 | D:10     | Entered Level 10 of the Dungeon
 11162 | D:10     | Found Adomyobb's Antique Armour Emporium.
 11194 | D:10     | Found Suklirya's Jewellery Emporium.
 11194 | D:10     | Noticed Maurice
 11199 | D:10     | Killed Maurice
 11200 | D:10     | Reached skill level 5 in Unarmed Combat
 11229 | D:10     | Bought a +4 ring of protection for 396 gold pieces
 11267 | D:10     | Reached ***** piety under Cheibriados
 11438 | D:10     | Learned a level 4 spell: Anguish
 11525 | D:10     | Noticed Psyche
 11543 | D:10     | Killed Psyche
 11582 | D:10     | Reached skill level 1 in Hexes
 11588 | D:10     | Reached skill level 5 in Fighting
 12109 | D:10     | Noticed Gastronok
 12192 | D:10     | Killed Gastronok
 12193 | D:10     | Reached skill level 1 in Necromancy
 12193 | D:10     | Reached skill level 5 in Invocations
 12193 | D:10     | Reached skill level 5 in Evocations
 12471 | Lair:1   | Entered Level 1 of the Lair of Beasts
 12550 | Lair:1   | Noticed an oklob plant
 12562 | Lair:1   | Killed an oklob plant
 12563 | Lair:1   | Reached XP level 12. HP: 49/77 MP: 24/24
 12670 | Lair:1   | Reached skill level 5 in Translocations
 12812 | Lair:1   | Reached skill level 9 in Spellcasting
 13401 | Lair:1   | Learned a level 6 spell: Dispersal
 13739 | Lair:2   | Identified the amulet "Kizas" {Regen+ Dex+4}
 13895 | Lair:2   | Found a hole to the Spider Nest.
 14107 | Lair:2   | Found a staircase to the Shoals.
 14583 | Lair:3   | Reached ****** piety under Cheibriados
 14589 | Lair:3   | Noticed a boulder beetle
 14601 | Lair:3   | Killed a boulder beetle
 14905 | Lair:3   | Reached XP level 13. HP: 83/83 MP: 26/26
 14919 | Lair:3   | Identified the ring "Rutzavoblo" {rPois Will+ Str+2 Int-5}
 15460 | Lair:3   | Found a runed translucent gate.
 15460 | Lair:3   | Found a runed translucent gate.
 15460 | Lair:3   | Found a runed translucent gate.
 15463 | Lair:3   | Noticed anet's ghost (journeyman MiBe)
 15657 | Lair:4   | Found a viscous altar of Jiyva.
 15667 | Lair:4   | Found a staircase to the Slime Pits.
 16230 | Lair:4   | Noticed Josephine
 16272 | Lair:4   | Killed Josephine
 16997 | Lair:5   | Entered Level 5 of the Lair of Beasts
 17097 | Lair:5   | Reached skill level 10 in Spellcasting
 17940 | Lair:5   | Learned a level 4 spell: Manifold Assault
 17947 | Lair:5   | Reached skill level 5 in Transmutations
 17961 | Lair:5   | Reached XP level 14. HP: 41/90 MP: 8/28
 20463 | D:11     | Found a staircase to the Orcish Mines.
 20565 | D:11     | Found Quocu's Weapon Emporium.
 20839 | D:11     | You are sucked into a shaft and drop 1 floor!
 21063 | D:11     | Noticed Harold
 21078 | D:11     | Killed Harold
 22304 | D:12     | Reached skill level 11 in Spellcasting
 22587 | D:12     | Reached skill level 5 in Hexes
 22864 | D:12     | Found a portal to a secret trove of treasure.
 22967 | D:13     | Noticed Rupert
 22977 | D:13     | Killed Rupert
 23228 | D:13     | Reached skill level 5 in Necromancy
 23557 | D:13     | Reached XP level 15. HP: 12/97 MP: 13/30
 24650 | D:13     | Reached skill level 5 in Stealth
 24933 | D:13     | Found a gate to the Vaults.
 26544 | D:15     | Entered Level 15 of the Dungeon
 27229 | D:15     | Found an ornate altar of the Wu Jian Council.
 27511 | D:15     | Found a staircase to the Depths.
 28127 | Orc:1    | Entered Level 1 of the Orcish Mines
 28181 | Orc:1    | Noticed Erica
 28189 | Orc:1    | Killed Erica
 28455 | Orc:1    | Noticed an orc warlord
 28465 | Orc:1    | Killed an orc warlord
 28571 | Orc:1    | Reached skill level 12 in Spellcasting
 28702 | Orc:2    | Entered Level 2 of the Orcish Mines
 28824 | Orc:2    | Found Hevot's Antique Armour Shoppe.
 28903 | Orc:2    | Found a staircase to the Elven Halls.
 29461 | Orc:2    | Noticed Saint Roka
 29487 | Orc:2    | Killed Saint Roka
 29488 | Orc:2    | Reached XP level 16. HP: 28/104 MP: 27/32
 29722 | Orc:2    | Found Agimo's Antique Armour Boutique.
 29754 | Orc:2    | Found Ettamusoy's Antique Weapon Boutique.
 29819 | Orc:2    | Found Loexuu's Jewellery Boutique.
 30053 | Orc:2    | Found Neaboo's General Store.
 30516 | Spider:1 | Entered Level 1 of the Spider Nest
 32258 | Spider:2 | You are sucked into a shaft and drop 1 floor!
 33199 | Spider:2 | Reached skill level 10 in Translocations
 34584 | Spider:3 | Reached skill level 10 in Unarmed Combat
 34947 | Spider:3 | Noticed Arachne
 35223 | Spider:3 | Reached skill level 13 in Spellcasting
 35445 | Spider:3 | Reached XP level 17. HP: 110/110 MP: 27/34
 35456 | Spider:3 | Killed Arachne
 35457 | Spider:3 | Reached skill level 1 in Shields
 35851 | Shoals:1 | Entered Level 1 of the Shoals
 37470 | Shoals:1 | Upgraded the game from 0.30-a0-883-g5ad918d77d to
                  | 0.30-a0-897-ga2f19c967e
 37624 | Shoals:2 | Noticed Ilsuiw
 37636 | Shoals:2 | Killed Ilsuiw
 38547 | Shoals:2 | Noticed a kraken
 38891 | Shoals:4 | Entered Level 4 of the Shoals
 39921 | Shoals:3 | Learned a level 6 spell: Iron Shot
 40794 | Shoals:3 | Learned a level 4 spell: Olgreb's Toxic Radiance
 41482 | Shoals:4 | Reached XP level 18. HP: 117/117 MP: 15/35
 42357 | Shoals:4 | Reached skill level 14 in Spellcasting
 42856 | Shoals:4 | Identified the +1 war axe of Mandamus {heavy, rF+ rC-
                  | Will+}
 43435 | Shoals:4 | Got a barnacled rune of Zot
 43496 | Shoals:4 | Noticed Mara
 43510 | Shoals:4 | Killed Mara
 43786 | Shoals:4 | Got Hexiebb's Almanac of Cold and Feathers
 44041 | Orc:2    | Bought a ring of resist corrosion for 200 gold pieces
 44041 | Orc:2    | Bought a ring of see invisible for 150 gold pieces
 44044 | Orc:2    | Bought a +6 ring of intelligence for 360 gold pieces
 44302 | Spider:4 | Entered Level 4 of the Spider Nest
 44490 | Spider:4 | Noticed Asterion
 44671 | Spider:4 | Reached skill level 1 in Poison Magic
 45015 | Spider:3 | Upgraded the game from 0.30-a0-897-ga2f19c967e to
                  | 0.30-a0-923-g828ccac5a3
 45016 | Spider:4 | Noticed Kirke
 45371 | Elf:1    | Entered Level 1 of the Elven Halls
 45378 | Elf:1    | Noticed Agnes
 45379 | Elf:1    | Reached skill level 1 in Earth Magic
 45718 | Elf:1    | Killed Agnes
 46079 | Elf:1    | Identified the +3 kite shield "Picusy" {Str+7 Slay+2}
 46248 | Elf:1    | Identified the +7 mace "Qiges" {pain, +Blink rC- Str+2}
 46780 | Elf:1    | Noticed a caustic shrike
 46846 | Elf:1    | a sphinx changed into a golden dragon
 46846 | Elf:1    | Noticed a golden dragon (glowing shapeshifter)
 46847 | Elf:1    | a golden dragon changed into a quicksilver dragon
 46847 | Elf:1    | Noticed a quicksilver dragon (glowing shapeshifter)
 46848 | Elf:1    | a quicksilver dragon changed into a dire elephant
 47356 | Elf:1    | Found a runed translucent door.
 47369 | Elf:1    | Reached XP level 19. HP: 124/124 MP: 27/37
 47997 | Elf:1    | Learned a level 8 spell: Necromutation
 48312 | Elf:2    | Found Zeac's Armour Boutique.
 48505 | Elf:2    | Reached skill level 10 in Evocations
 48539 | Elf:2    | Found a large runed translucent door.
 48539 | Elf:2    | Found a large runed translucent door.
 48699 | Elf:2    | Found a large runed translucent door.
 48699 | Elf:2    | Found a large runed translucent door.
 49097 | Elf:2    | Found a runed translucent gate.
 49097 | Elf:2    | Found a runed translucent gate.
 49097 | Elf:2    | Found a runed translucent gate.
 49612 | Elf:3    | Entered Level 3 of the Elven Halls
 50977 | Vaults:1 | Entered Level 1 of the Vaults
 51016 | Vaults:1 | Reached skill level 5 in Shields
 51017 | Vaults:1 | Reached skill level 15 in Spellcasting
 51048 | Vaults:1 | Shot with a bolt by a yaktaur

Illustrated notes

Levels and vault maps discovered:
D:1:      dreamdust_arrival_sigmund_warning, layout_rooms, serial_shops,
          nicolae_diamond_shop, shop, nicolae_figureground_pulse
D:2:      layout_loops_ring
D:3:      layout_loops_cross, hellmonk_ecumenical_altar_watching_god,
          uniq_sigmund, uniq_jessica, uniq_natasha
D:4:      gammafunk_wand_slinger, layout_loops_ring, serial_shops,
          nicolae_take_the_stairs
D:5:      layout_loops_ring, temple_green, gup_sewer_entry_bowl, serial_shops,
          shop
D:6:      layout_rooms, uniq_menkaure
D:7:      layout_basic, nicolae_overflow_hidden_temple, uniq_pikel, uniq_duvessa
D:8:      lemuel_insect_pit, layout_basic, enter_bailey_3, wad_dig_loot
D:9:      layout_roguey, erik_lair_orcish_takeover,
          chequers_serial_rivers_micro_e, st_stairs_14, lightli_minifort
D:10:     layout_basic, serial_shops, kennysheep_little_box,
          minmay_shop_grid_forest, kennysheep_generic_room_14, uniq_maurice,
          uniq_gastronok, uniq_psyche
D:11:     layout_basic, erik_orc_3, serial_shops,
          nicolae_shop_bloodbath_and_beyond, uniq_harold
D:12:     layout_irregular_city, nicolae_trove_entry_columns
D:13:     layout_long_grid, hangedman_vaults_entry_quadrant_bands, uniq_rupert
D:14:     layout_gridville, nicolae_two_hexagons
D:15:     hangedman_depths_entry_try_elsewhere_first, layout_basic,
          nzn_wu_jian_contemplation
Temple:   dpeg_five_rooms_temple
Lair:1:   layout_roguey [special_room_bee], chequers_serial_rivers_small_b,
          minmay_lair_oklob_items
Lair:2:   layout_roguey, minmay_shoals_entry_lonely_mermaid, spider_nest_entry_a
Lair:3:   layout_gridlike, ebering_ghost_rock_garden, roderic_carrion_pond,
          infiniplex_staircase_pool_2
Lair:4:   layout_regular_city, minmay_slime_entry_oklob_open, uniq_josephine
Lair:5:   minmay_lair_end_enchanted_forest, layout_regular_city,
          serial_bayou_pond_b, evilmike_ambush [evilmike_ambush_outer_corners,
          evilmike_ambush_inner_pond]
Shoals:1: layout_shoals, nicolae_shoals_flooded_hall
Shoals:2: nzn_motion_control, layout_shoals, uniq_ilsuiw
Shoals:3: layout_shoals, nicolae_shoals_spectral_cove
Shoals:4: shoals_end_hangedman, layout_shoals,
          nicolae_shoals_nautilus_by_nature, uniq_mara
Spider:1: layout_spider_delve, hangedman_spider_tarantella_strand
Spider:2: nicolae_spider_mines_2
Spider:3: layout_cave_pods, uniq_arachne
Spider:4: grunt_spider_rune_circles, uniq_kirke, uniq_asterion
Orc:1:    layout_caves, uniq_erica
Orc:2:    grunt_orc_cross, layout_caves, serial_shops, shop
Elf:1:    layout_rooms, hangedman_corner_corridor, minivault_13, uniq_agnes
Elf:2:    elven_hall_of_blades_hangedman_alternative
          [nicolae_blade_entry_splitting_headache], layout_onion_city,
          serial_shops, shop, grunt_ministairs_6, nicolae_elf_hall_of_bonks
Elf:3:    minmay_elf_hall_statues, layout_geoelf_diagonals
Vaults:1: vaults_room_stairs_pillars, grunt_vaults_trifunnel, v_misc_25,
          v_misc_3, nicolae_vaults_network_square, vaults_dpeg_emergency_exit,
          layout_vaults_chaotic_city

Skill      XL: |  1  2  3  4  5  6  7  8  9 10 11 12 13 14 15 16 17 18 19 |
---------------+----------------------------------------------------------+-----
Fighting       | 1 2 3 4 5 6 7 8 9 |  9.7
Unarmed Combat | 1 2 3 4 5 6 7 8 9 10 11 | 11.1
Spellcasting   | 3 4 5 6 8 9 10 11 12 13 14 15 | 15.0
Conjurations   | 5 6 7 8 9 10 11 12 13 | 13.1
Stealth        | 3 4 5 |  5.2
Dodging        | 3 4 5 6 7 8 9 |  9.8
Translocations | 1 2 3 4 5 6 8 9 10 11 12 | 12.5
Invocations    | 1 3 5 6 7 8 9 |  9.9
Evocations     | 1 2 4 5 6 7 8 9 10 | 10.2
Throwing       | 1 |  1.9
Transmutations | 1 2 3 5 6 7 8 |  8.4
Hexes          | 1 3 4 5 6 7 8 |  8.0
Necromancy     | 1 3 4 5 6 7 8 |  8.2
Shields        | 3 4 5 |  5.0
Poison Magic   | 2 3 |  3.3
Earth Magic    | 2 3 |  3.0

Action                     |  1- 3 |  4- 6 |  7- 9 | 10-12 | 13-15 | 16-18 | 19-21 || total
---------------------------+-------+-------+-------+-------+-------+-------+-------++-------
  Melee: Unarmed           |    20 |       |     9 |   145 |   778 |   980 |   198 ||  2130
         Tentacles         |     6 |       |     2 |    42 |    99 |    43 |     6 ||   198
         Constrict         |     4 |       |     5 |    43 |    60 |    44 |     5 ||   161
         Punch             |     1 |       |       |     6 |    29 |    18 |     1 ||    55
  Throw: Dart              |       |       |     3 |    45 |     4 |    13 |       ||    65
   Cast: Magic Dart        |    83 |    44 |   109 |   233 |    53 |     2 |       ||   524
         Searing Ray       |     1 |    11 |    50 |    74 |    12 |       |       ||   148
         Iskenderun's Myst |       |       |     3 |    99 |    58 |    58 |     5 ||   223
         Anguish           |       |       |       |    18 |    31 |     9 |       ||    58
         Blade Hands       |       |       |       |       |   102 |   139 |    39 ||   280
         Manifold Assault  |       |       |       |       |   328 |   626 |   138 ||  1092
         Dispersal         |       |       |       |       |     1 |       |       ||     1
         Iron Shot         |       |       |       |       |       |    16 |       ||    16
         Olgreb's Toxic Ra |       |       |       |       |       |    16 |       ||    16
 Invoke: Slouch            |       |       |       |     4 |    16 |    19 |       ||    39
  Evoke: Wand              |       |       |     2 |     1 |     1 |    14 |       ||    18
         Tin of tremorston |       |       |       |       |     2 |     9 |       ||    11
         Box of beasts     |       |       |       |       |       |     5 |       ||     5
         Phantom mirror    |       |       |       |       |       |     3 |       ||     3
    Use: Potion            |       |     1 |     6 |       |     3 |    11 |       ||    21
         Scroll            |       |       |     6 |    11 |     3 |    13 |     1 ||    34
   Stab: Sleeping          |       |       |       |     2 |     4 |     2 |       ||     8
         Distracted        |       |       |       |       |       |     3 |       ||     3
 Armour: Skin              |     3 |     1 |     3 |    29 |    64 |    72 |     1 ||   173
  Dodge: Dodged            |    24 |    10 |    65 |   201 |   400 |   323 |    37 ||  1060
  Block: Buckler           |       |       |       |       |       |     9 |       ||     9
         Kite shield       |       |       |       |       |       |     3 |     2 ||     5

Table legend: (Time is in decaauts)
 A = Elapsed time spent in this place.
 B = Non-inter-level travel time spent in this place.
 C = Inter-level travel time spent in this place.
 D = Time resting spent in this place.
 E = Time spent auto-exploring this place.
 F = Levels seen in this place.
 G = Mean time per level.
                   A        B        C        D        E       F      G
               +--------+--------+--------+--------+--------+-----+--------+
         Total |  68084 |  62847 |   5237 |  12740 |  42593 |  37 | 1840.1 |
       Dungeon |  24224 |  22627 |   1597 |   4107 |  15926 |  15 | 1614.9 |
        Temple |    206 |    113 |     93 |      0 |    105 |   1 |  206.0 |
          Lair |  11783 |  10484 |   1299 |   1242 |   7893 |   5 | 2356.6 |
        Shoals |  10710 |  10325 |    385 |   2050 |   7347 |   4 | 2677.5 |
   Spider Nest |   8437 |   7307 |   1130 |   1864 |   4628 |   4 | 2109.2 |
  Orcish Mines |   3878 |   3342 |    536 |   1225 |   1673 |   2 | 1939.0 |
   Elven Halls |   6640 |   6446 |    194 |   1410 |   4260 |   3 | 2213.3 |
        Vaults |     81 |     81 |      0 |      5 |     30 |   1 |   81.0 |
         Sewer |    444 |    444 |      0 |    261 |    128 |   1 |  444.0 |
        Bailey |   1675 |   1675 |      0 |    573 |    601 |   1 | 1675.0 |
               +--------+--------+--------+--------+--------+-----+--------+

Top non-repeatable levels by time:
Shoals:4: 4077 daAuts
Spider:3: 3924 daAuts
  Lair:5: 3533 daAuts
    D:13: 3101 daAuts
   Elf:1: 2671 daAuts
   Orc:2: 2649 daAuts
    D:11: 2555 daAuts
Spider:2: 2536 daAuts
    D:10: 2441 daAuts
  Lair:2: 2332 daAuts
Shoals:3: 2283 daAuts
   Elf:2: 2261 daAuts
  Lair:4: 2229 daAuts
Shoals:1: 2188 daAuts
Shoals:2: 2161 daAuts
